Map: Orbital Shipyard

Players

dipwood - Winner!

  • Race: Protoss Protoss
  • League: Master

Plurmorant

  • Race: Zerg Zerg
  • League: Master

Event: ASL Season 5 Prime League LOTV Beta

VOD

Have the link to the VOD?

Description

Time

  • Played on: Sept. 10, 2015, 9:19 p.m.
  • Length: 6:56

All games in this series

Show
View Real Time Build Order
Export as new Build Order

dipwood Protoss - Winner!

Build Orders:  

Get SALT Encoding   

  12  0:00  Probe (Chrono Boost)  
  13  0:10  Probe (Chrono Boost)  
  14  0:18  Pylon  
  14  0:22  Probe (Chrono Boost)  
  15  0:35  Probe (Chrono Boost)  
  15  0:38  Gateway  
  16  0:44  Assimilator  
  16  0:46  Probe (Chrono Boost)  
  17  0:56  Probe (Chrono Boost)  
  18  1:06  Probe (Chrono Boost)  
  18  1:11  Gateway  
  19  1:16  Probe (Chrono Boost)  
  20  1:25  Cybernetics Core  
  20  1:45  Nexus  
  20  1:53  Pylon  
  20  2:03  Adept (Chrono Boost)  
  22  2:10  Adept (Chrono Boost)  
  22  2:11  Mothership Core (Chrono Boost)  
  26  2:16  Assimilator  
  26  2:23  Warp Gate (Chrono Boost)  
  26  2:32  Probe (Chrono Boost)  
  27  2:43  Pylon  
  27  2:44  Probe (Chrono Boost)  
  28  2:51  Robotics Facility  
  28  2:55  Probe (Chrono Boost)  
  28  2:57  Probe (Chrono Boost)  
  30  3:05  Probe (Chrono Boost)  
  31  3:07  Probe (Chrono Boost)  
  32  3:30  Probe x2 (Chrono Boost)  
  32  3:33  Immortal (Chrono Boost)  
  30  3:36  Gateway  
  30  3:39  Gateway  
  34  3:46  Probe x2  
  36  3:56  Pylon  
  36  3:57  Pylon  
  36  3:58  Probe x2  
  38  4:05  Immortal  
  38  4:10  Probe (Chrono Boost)  
  38  4:11  Probe (Chrono Boost)  
  44  4:21  Probe (Chrono Boost)  
  44  4:22  Pylon  
  46  4:24  Probe (Chrono Boost)  
  46  4:27  Stalker  
  46  4:29  Sentry  
  50  4:34  Probe (Chrono Boost)  
  50  4:36  Probe (Chrono Boost)  
  52  4:38  Sentry, Warp Prism  
  52  4:39  Sentry  
  58  4:50  Gateway  
  58  4:51  Gateway  
  58  4:57  Pylon  
  58  5:02  Gateway  
  58  5:05  Gateway  
  58  5:09  Sentry  
  58  5:10  Adept  
  62  5:22  Adept x2  
  66  5:32  Pylon  
  66  5:34  Pylon  
  66  5:44  Adept x4  
  70  6:05  Adept x5  
  70  6:06  Adept  
  72  6:31  Adept x5  
  72  6:32  Adept  
  74  6:47  Adept  
Show
View Real Time Build Order
Export as new Build Order

Plurmorant Zerg 

Build Orders: Hatch First 

Get SALT Encoding   

  12  0:00  Drone  
  13  0:12  Overlord  
  13  0:17  Drone  
  14  0:25  Drone, Extractor  
  15  0:30  Drone  
  15  0:34  Drone  
  17  0:51  Hatchery  
  16  1:04  Spawning Pool  
  16  1:07  Drone  
  16  1:10  Drone  
  17  1:14  Drone  
  18  1:20  Overlord  
  18  1:38  Drone  
  18  1:39  Drone  
  20  1:52  Queen  
  20  1:53  Extractor  
  22  1:54  Drone  
  22  1:55  Roach Warren  
  22  2:01  Drone  
  22  2:03  Queen  
  22  2:05  Drone  
  25  2:11  Drone  
  25  2:15  Drone  
  27  2:35  Roach  
  29  2:38  Roach  
  29  2:42  Hatchery, Drone, Extractor  
  30  2:46  Roach  
  32  2:54  Overlord, Drone  
  33  3:01  Roach  
  35  3:07  Overlord  
  35  3:10  Drone  
  35  3:12  Drone  
  37  3:17  Roach  
  37  3:22  Drone x2  
  38  3:32  Drone  
  38  3:33  Drone x2  
  41  3:36  Drone  
  41  3:40  Drone x2  
  44  3:43  Drone  
  44  3:46  Drone  
  46  3:52  Lair  
  46  3:58  Queen  
  46  4:01  Drone  
  49  4:05  Drone x2  
  49  4:06  Drone  
  52  4:14  Overlord  
  52  4:15  Drone x2  
  54  4:17  Drone  
  54  4:19  Overlord  
  55  4:37  Drone x2  
  57  4:38  Overlord  
  57  4:39  Roach Warren  
  57  4:41  Roach x3  
  62  4:46  Roach  
  62  4:47  Overlord, Roach  
  62  4:49  Overlord  
  62  4:52  Glial Reconstitution  
  66  4:56  Extractor  
  65  5:06  Overlord  
  65  5:11  Roach  
  67  5:15  Roach  
  67  5:18  Tunneling Claws  
  67  5:20  Roach  
  71  5:22  Overlord  
  71  5:26  Roach  
  75  5:28  Roach  
  75  5:30  Roach  
  75  5:34  Roach  
  79  5:37  Roach  
  79  5:41  Roach  
  83  5:46  Roach  
  83  5:47  Roach  
  83  5:48  Overlord  
  89  5:50  Roach  
  89  5:51  Extractor  
  89  5:55  Roach  
  82  5:57  Roach  
  82  5:59  Roach  
  82  6:03  Roach  
  77  6:07  Roach  
  77  6:08  Roach  
  77  6:09  Zergling x6  
  70  6:11  Overlord  
  70  6:12  Overlord  
  70  6:14  Roach  
  70  6:15  Roach  
  70  6:20  Roach  
  70  6:25  Roach  
  50  6:33  Roach  
  50  6:34  Roach  
Tags
 
Add a new tag
Caveats
  • Supply blocks, unpowered buildings, or Contaminate may cause inaccurate times.
  • Supply counts are checked every 10 seconds.